 Dungeon Crawl Stone Soup version 0.27.1-4-g1640c2035a (webtiles) character file.

Game seed: 1539437668541432676

85372 hypoxyphilia the Dealer of Despair (level 15, 0/107 HPs)
             Began as a Vampire Necromancer on Oct 30, 2021.
             Was an Elder of Kikubaaqudgha.
             Slain by a jumping spider (12 damage)
             ... on level 2 of the Lair of Beasts on Nov 3, 2021.
             The game lasted 08:06:26 (44447 turns).

hypoxyphilia the Dealer of Despair (VpNe)          Turns: 44447, Time: 08:06:27

Health: 0/107      AC: 28    Str:  7    XL:     15   Next: 37%
Magic:  18/18      EV:  7    Int: 29    God:    Kikubaaqudgha [****..]
Gold:   1935       SH: 16    Dex: 21    Spells: 1/18 levels left

rFire    + . .     SeeInvis +   N - +3 scimitar (elec)
rCold    + . .     Faith    .   Q - +0 kite shield
rNeg     . . .     Spirit   .   G - +4 scale mail {rPois}
rPois    +         Reflect  +   W - +2 helmet {Int+3}
rElec    .         Harm     .   T - scarf {rC+ rF+}
rCorr    .         Rampage  .   D - +0 pair of gloves
Will     +....     NoTele   +   U - +2 pair of boots
Stlth    +++.......             c - amulet "Sokkyuti" {Reflect -Tele rPois Int+2 SH+5}
HPRegen  0.47/turn              y - +4 ring of protection
MPRegen  0.16/turn              w - ring "Uruiqig" {AC+4 Dex+6}

@: healing quickly
A: alive, fangs 3, see invisible, vampiric 2
a: Exsanguinate, Renounce Religion, Receive Corpses


You were on level 2 of the Lair of Beasts.
You worshipped Kikubaaqudgha.
Kikubaaqudgha was greatly pleased with you.
You visited 4 branches of the dungeon, and saw 23 of its levels.

You collected 2447 gold pieces.
You spent 512 gold pieces at shops.

Inventory:

Hand Weapons
 N - a +3 scimitar of electrocution (weapon)
Missiles
 z - 48 poisoned darts (quivered)
Armour
 D - a +0 pair of gloves (worn)
 G - a +4 scale mail of poison resistance (worn)
 I - a +0 robe of willpower
 M - +0 ice dragon scales
 Q - a +0 kite shield (worn)
 T - a scarf of resistance (worn)
 U - a +2 pair of boots (worn)
 W - a +2 helmet of intelligence (worn)
Magical Staves
 J - a staff of earth
Jewellery
 a - an amulet of magic regeneration
 c - the amulet "Sokkyuti" (around neck) {Reflect -Tele rPois Int+2 SH+5}
   (You acquired it on level 8 of the Dungeon)

   [amulet of reflection]

   It reflects blocked missile attacks.
   Int:       It affects your intelligence (+2).
   rPois:     It protects you from poison.
   -Tele:     It prevents most forms of teleportation.
   SH:        It affects your SH (+5).
 e - a ring of magical power
 s - an amulet of the acrobat
 w - the ring "Uruiqig" (right hand) {AC+4 Dex+6}
   (You took it off a meliai on level 13 of the Dungeon)

   [ring of protection]

   AC:        It affects your AC (+4).
   Dex:       It affects your dexterity (+6).
 y - a +4 ring of protection (left hand)
 E - a ring of willpower
 H - a ring of protection from fire
 P - the ring of Cebah {*Slow rElec rF+ SInv}
   (You found it on level 2 of the Lair of Beasts)

   [ring of protection from fire]

   rF:        It protects you from fire.
   rElec:     It insulates you from electricity.
   SInv:      It lets you see invisible.
   *Slow:     It may slow you when you take damage.
 R - an amulet of faith
Wands
 m - a wand of iceblast (12)
 x - a wand of acid (1)
 A - a wand of mindburst (12)
 V - a wand of digging (1)
 Y - a wand of polymorph (12)
Scrolls
 b - 4 scrolls of teleportation
 f - a scroll of blinking
 n - 2 scrolls of brand weapon {unknown}
 o - 2 scrolls of magic mapping
 p - 3 scrolls of identify
 r - a scroll of immolation
 t - a scroll of torment {unknown}
 u - a scroll of enchant armour {unknown}
 v - a scroll of holy word {unknown}
 C - a scroll of enchant weapon
 K - a scroll of silence {unknown}
 S - 4 scrolls of fog
 Z - a scroll of vulnerability {unknown}
Potions
 d - a potion of invisibility {unknown}
 g - 3 potions of resistance
 h - a potion of might
 k - 2 potions of berserk rage {unknown}
 l - 3 potions of flight {unknown}
 q - a potion of mutation {unknown}
 B - 5 potions of curing
 F - 3 potions of cancellation
 L - a potion of ambrosia
 O - 2 potions of magic {unknown}
 X - a potion of brilliance {unknown}


   Skills:
 + Level 6.8 Fighting
 + Level 4.1 Short Blades
 - Level 0.5 Throwing
 + Level 8.3 Armour
 - Level 2.2 Dodging
 + Level 7.9 Stealth
 + Level 10.0 Shields
 - Level 2.0 Spellcasting
 * Level 21.6 Necromancy
 - Level 1.7 Evocations


You had one spell level left.
You knew the following spells:

 Your Spells              Type           Power      Damage    Failure   Level
a - Pain                  Necr           100%       1d9       1%          1
b - Agony                 Necr           91%        N/A       1%          5
c - Vampiric Draining     Necr           45%        2d12      1%          3
d - Animate Dead          Necr           45%        N/A       1%          4
f - Dispel Undead         Necr           91%        3d29      1%          4

Your spell library contained the following spells:

 Spells                   Type           Power      Damage    Failure   Level
 Animate Skeleton         Necr           100%       N/A       1%          1
 Corona                   Hex            2%         N/A       78%         1
 Magic Dart               Conj           8%         1d3       78%         1
 Sublimation of Blood     Necr           45%        N/A       1%          2
 Excruciating Wounds      Necr           45%        N/A       1%          5
 Corpse Rot               Necr/Air       N/A        N/A       2%          2
 Borgnjor's Vile Clutch   Necr/Erth      30%        N/A       41%         5
 Ensorcelled Hibernation  Hex/Ice        4%         N/A       89%         2
 Searing Ray              Conj           4%         3d3       89%         2
 Simulacrum               Ice/Necr       30%        N/A       94%         6
 Conjure Flame            Conj/Fire      2%         6-21      98%         3
 Ignite Poison            Fire/Tmut/Pois 2%         N/A       98%         3
 Tukima's Dance           Hex            2%         N/A       98%         3
 Fulminant Prism          Conj/Hex       1%         3d6       100%        4
 Petrify                  Tmut/Erth      2%         N/A       100%        4
 Sticky Flame             Conj/Fire      2%         2d3       100%        4
 Iskenderun's Battlesphe  Conj           2%         2d6       100%        5
 Metabolic Englaciation   Hex/Ice        1%         N/A       100%        5
 Iron Shot                Conj/Erth      1%         9d1       100%        6
 Statue Form              Tmut/Erth      1%         N/A       100%        6
 Spellforged Servitor     Conj/Summ      1%         N/A       100%        7


Dungeon Overview and Level Annotations

Branches:
Dungeon (15/15)            Temple (1/1) D:4            Lair (6/6) D:9
 Shoals (0/4) Lair:2       Spider (1/4) Lair:2        Slime (0/5) Lair:5
    Orc (0/2) D:12         Vaults (0/5) D:14         Depths (0/5) D:15

Altars:
Ashenzari
Cheibriados
Dithmenos
Elyvilon
Fedhas
Hepliaklqana
Kikubaaqudgha
Makhleb
Nemelex Xobeh
Okawaru
Qazlal
Ru
Sif Muna
Trog
Uskayaw
Vehumet
Wu Jian
Xom
Zin
Jiyva

Shops:
D:11 (   D:12 *

Annotations:
D:5 exclusion: upstairs
D:7 exclusion: 2 downstairs
D:8 exclusion: 3 oklob plants
D:9 exclusions: door and ice dragon
Lair:2 exclusion: hydra


Innate Abilities, Weirdness & Mutations

Your natural rate of healing is accelerated.
You have razor-sharp teeth.
You have supernaturally acute eyesight. (SInv)
You are afflicted with vampirism and can become a bat while bloodless.


Message History

* * * LOW HITPOINT WARNING * * *
The tarantella bites you!
* * * LOW HITPOINT WARNING * * *
The jumping spider pounces on you but does no damage.
You block the jumping spider's attack. The jumping spider closely misses you.
The jumping spider bites you but does no damage.
The jumping spider pounces on you but does no damage.
You block the jumping spider's attack. The jumping spider closely misses you.
You riposte.
You hit the jumping spider.
The jumping spider is lightly wounded.
The jumping spider bites you but does no damage.
There is an open door here.
As you read the scroll of fog, it crumbles to dust.
The scroll dissolves into smoke.
You block the jumping spider's attack. x2
The jumping spider pounces on you but does no damage.
The jumping spider barely misses you.
The jumping spider pounces on you but does no damage.
You block the jumping spider's attack.
The jumping spider pounces on you but does no damage.
The jumping spider bites you but does no damage.
You block the jumping spider's attack.
The jumping spider bites you but does no damage.
The jumping spider pounces on you but does no damage.
The jumping spider bites you but does no damage.
The jumping spider rages.
The jumping spider pounces on you but does no damage.
The jumping spider bites you.
* * * LOW HITPOINT WARNING * * *
The tarantella rages.
Unknown command.
You feel better. The jumping spider pounces on you!
* * * LOW HITPOINT WARNING * * *
The jumping spider bites you but does no damage.
The jumping spider pounces on you but does no damage.
The jumping spider barely misses you.
The moth of wrath's fur bristles in rage as it notices you.
Unknown command.
You feel better. The jumping spider pounces on you!
You die...
Kikubaaqudgha rasps: "You have failed me!
Welcome... death!"

..........Z+.#####...Z#.P+.+##...
#.###....#..##..#.###Z.##...###..
..###.....#.##^...^#^.Z##.#.# #..
.........##.##'≈≈..#Z.####..# ...
...#.....(.)...§≈≈.#.^..# ..###..
....#....'..#y§.≈≈....^.# .......
...#........##y§§##...#.# #..##..
....#.....#.##s§§#.[...####.##P..
..##......#.#§ss@.......##..###..
..##........##§######..##........
.............### #.#..##.........
.#.#######P### ##..#...P.#.####
#### ### #......###.## # ###.#P##
### # #####


You could see a moth of wrath, 2 jumping spiders and a tarantella (berserk).

Vanquished Creatures
  An emperor scorpion (Lair:2)
  The ghost of Caath the Blocker, a journeyman DrFi of Okawaru (Lair:5)
  The ghost of bearlyready the Fighter, a journeyman OgHu of Gozag (Lair:1)
  3 hydras
  2 ice dragons (D:15)
  2 boulder beetles (D:14)
  An ogre mage (D:14)
  8 centaur warriors
  4 two-headed ogres
  4 death yaks
  Urug (Lair:2)
  A deep elf pyromancer (D:14)
  6 wolf spiders
  An orb spider (Lair:2)
  3 ugly things (D:14)
  11 elephants
  4 cyclopes
  2 manticores (D:15)
  A torpor snail (Lair:5)
  3 black mambas
  An unseen horror (D:12)
  A merfolk siren (Lair:2)
  15 cane toads
  A rime drake (Lair:6)
  10 komodo dragons
  A demonic crawler (Lair:1)
  7 trolls
  A jumping spider (Lair:2)
  2 polar bears (Lair:1)
  A hornet (D:9)
  6 meliai
  8 slime creatures
  Prince Ribbit (D:6)
  40 blink frogs
  2 dream sheep (Lair:4)
  A meliai zombie (D:10)
  4 wraiths
  A vampire (D:14)
  3 shadows
  2 tarantellas (Lair:2)
  7 wyverns
  9 redbacks (Lair:2)
  28 yaks
  6 basilisks
  A fire elemental (Lair:2)
  Menkaure (D:4)
  3 swamp worms (Lair:1)
  5 vampire mosquitoes
  16 water moccasins
  Duvessa (D:4)
  7 orc warriors
  A black bear (shapeshifter) (D:13)
  2 sky beasts
  2 black bears
  A necrophage (D:6)
  An ice beast (D:6)
  28 wolves
  2 ogres
  7 centaurs
  8 kobold brigands
  13 bullfrogs
  3 gnoll sergeants
  Dowan (D:4)
  8 killer bees
  3 wights (D:9)
  5 howler monkeys
  3 centaur zombies
  2 hounds (D:5)
  A bullfrog skeleton (D:5)
  A centaur skeleton (D:5)
  An orc wizard (D:9)
  5 hell rats (Lair:4)
  A killer bee zombie (D:7)
  16 gnolls
  A howler monkey zombie (D:8)
  8 adders
  2 white imps
  3 worms (D:2)
  A dart slug (D:1)
  17 orcs
  5 endoplasms
  7 giant cockroaches
  10 goblins
  7 hobgoblins
  3 jackals (D:1)
  6 quokkas
  5 ball pythons
  12 bats
  10 frilled lizards
  18 kobolds
  11 rats
  6 briar patches (Lair:1)
499 creatures vanquished.

Vanquished Creatures (collateral kills)
  A minotaur (Lair:1)
  6 hydras
  A death knight (D:14)
  A centaur warrior (D:13)
  A catoblepas (Lair:6)
  8 death yaks
  A deep troll shaman (Lair:6)
  A lindwurm (Lair:6)
  A deep elf pyromancer (D:15)
  2 wolf spiders (Lair:2)
  14 ugly things
  A manticore (D:11)
  2 elephants
  2 cane toads
  An efreet (D:15)
  A yaktaur (D:15)
  4 demonic crawlers (Lair:2)
  A komodo dragon (Lair:1)
  A polar bear (D:9)
  A blink frog (Lair:4)
  2 jumping spiders (Lair:2)
  4 dream sheep (Lair:4)
  A tarantella (Lair:2)
  6 redbacks (Lair:2)
  23 yaks
  A wyvern (Lair:1)
  A water moccasin (Lair:1)
  2 wolves (Lair:5)
  A wight (D:9)
  2 gnolls (D:5)
  A hobgoblin (D:1)
  4 frilled lizards (D:1)
  A kobold (D:8)
100 creatures vanquished.

Vanquished Creatures (others)
  3 briar patches (Lair:1)
  2 bushes (Lair:6)
  46 fungi
  67 plants
118 creatures vanquished.

Grand Total: 717 creatures vanquished

Notes
Turn   | Place    | Note
-------+----------+-------------------------------------------
     0 | D:1      | hypoxyphilia the Vampire Necromancer began the quest for
                  | the Orb.
     0 | D:1      | Reached XP level 1. HP: 13/13 MP: 3/3
    60 | D:1      | Learned a level 1 spell: Animate Skeleton
   271 | D:1      | Reached XP level 2. HP: 8/19 MP: 1/5
   343 | D:1      | Reached skill level 5 in Necromancy
   892 | D:1      | Gained mutation: You are afflicted with vampirism and can
                  | become a bat while bloodless. [Vampire growth]
   892 | D:1      | Reached XP level 3. HP: 19/24 MP: 2/6
   989 | D:1      | Found a faded altar of an unknown god.
  1605 | D:2      | Learned a level 3 spell: Vampiric Draining
  2123 | D:2      | Reached skill level 6 in Necromancy
  2209 | D:2      | Reached XP level 4. HP: 30/30 MP: 3/7
  4038 | D:3      | Reached XP level 5. HP: 32/32 MP: 8/8
  4616 | D:4      | Found a bloodstained altar of Trog.
  4641 | D:4      | Noticed Dowan
  4654 | D:4      | Noticed Duvessa
  4662 | D:4      | Killed Dowan
  4663 | D:4      | Reached skill level 7 in Necromancy
  4785 | D:4      | Found a staircase to the Ecumenical Temple.
  4792 | Temple   | Entered the Ecumenical Temple
  4906 | Temple   | Became a worshipper of Kikubaaqudgha
  5174 | D:4      | Noticed Menkaure
  5673 | D:5      | Entered Level 5 of the Dungeon
  5742 | D:5      | Reached skill level 1 in Short Blades
  5857 | D:5      | Reached XP level 6. HP: 41/42 MP: 6/9
  5896 | D:5      | Learned a level 4 spell: Animate Dead
  6164 | D:5      | Reached skill level 1 in Armour
  6168 | D:5      | Reached skill level 1 in Evocations
  6568 | D:5      | Reached skill level 8 in Necromancy
  6655 | D:5      | Reached XP level 7. HP: 15/47 MP: 2/10
  6943 | D:5      | Found an iron altar of Okawaru.
  7090 | D:5      | Found a shimmering blue altar of Sif Muna.
  7098 | D:5      | Found a burning altar of Makhleb.
  7098 | D:5      | Found a sacrificial altar of Ru.
  7098 | D:5      | Found a hide-covered altar of Uskayaw.
  7350 | D:6      | Noticed Prince Ribbit
  7658 | D:6      | Reached * piety under Kikubaaqudgha
  7658 | D:6      | Received a gift from Kikubaaqudgha
  7959 | D:6      | Reached skill level 1 in Fighting
  7959 | D:6      | Reached skill level 9 in Necromancy
  8185 | D:6      | Killed Prince Ribbit
  8186 | D:6      | Reached XP level 8. HP: 30/54 MP: 5/11
  8490 | D:7      | Reached skill level 10 in Necromancy
  8799 | D:7      | Found a shadowy altar of Dithmenos.
  8975 | D:7      | Identified the +1 ring mail of Pantheism {rPois rC+ Will-
                  | Stlth+}
  8995 | D:7      | Reached skill level 1 in Shields
  9481 | D:7      | Found an ornate altar of the Wu Jian Council.
  9615 | D:8      | Noticed an oklob plant
  9615 | D:8      | Noticed an oklob plant
  9662 | D:8      | Noticed an oklob plant
  9791 | D:8      | Reached skill level 11 in Necromancy
  9795 | D:8      | Reached XP level 9. HP: 58/61 MP: 1/12
 10288 | D:8      | Found a snail-covered altar of Cheibriados.
 10462 | D:8      | Reached ** piety under Kikubaaqudgha
 10992 | D:9      | Found a stormy altar of Qazlal.
 11153 | D:8      | Identified 2 scrolls of acquirement
 11153 | D:8      | Acquired the amulet "Sokkyuti" {Reflect -Tele rPois Int+2
                  | SH+5}
 11169 | D:8      | Acquired 1065 gold pieces
 11475 | D:9      | Reached skill level 12 in Necromancy
 11994 | D:9      | Found a staircase to the Lair.
 12764 | D:9      | Noticed an ice dragon
 12786 | Lair:1   | Entered Level 1 of the Lair of Beasts
 12789 | Lair:1   | Noticed a polar bear
 13518 | D:10     | Entered Level 10 of the Dungeon
 13898 | D:10     | Reached XP level 10. HP: 30/68 MP: 1/13
 14007 | D:10     | Found a sparkling altar of Nemelex Xobeh.
 14493 | D:10     | Upgraded the game from 0.27.1-3-gb3d3a73c9e to
                  | 0.27.1-4-g1640c2035a
 14929 | D:10     | Reached skill level 5 in Armour
 14935 | D:10     | Reached skill level 13 in Necromancy
 15200 | D:10     | Learned a level 2 spell: Corpse Rot
 16027 | Lair:1   | Reached skill level 5 in Stealth
 16116 | Lair:1   | Noticed a minotaur
 16262 | Lair:1   | Noticed a cane toad
 16300 | Lair:1   | Killed a cane toad
 16360 | Lair:1   | Reached skill level 5 in Shields
 16525 | Lair:1   | Noticed bearlyready's ghost (journeyman OgHu)
 16562 | Lair:1   | Found a runed translucent gate.
 16562 | Lair:1   | Found a runed translucent gate.
 16562 | Lair:1   | Found a runed translucent gate.
 16566 | Lair:1   | Found a transporter.
 16615 | Lair:1   | Reached skill level 14 in Necromancy
 16615 | Lair:1   | Reached XP level 11. HP: 71/75 MP: 14/14
 17086 | Lair:1   | Found a transporter.
 17269 | Lair:1   | Noticed a seven-headed hydra
 17423 | Lair:2   | Found a gate leading to a gauntlet.
 17519 | Lair:1   | Reached *** piety under Kikubaaqudgha
 17519 | Lair:1   | Received a gift from Kikubaaqudgha
 17811 | Lair:1   | HP: 2/76 [blink frog (4)]
 18142 | Lair:2   | Noticed a five-headed hydra
 18316 | Lair:2   | Reached skill level 15 in Necromancy
 18740 | Lair:2   | Noticed a six-headed hydra
 18772 | Lair:2   | Identified the ring of Cebah {*Slow rElec rF+ SInv}
 18792 | Lair:2   | Noticed Urug
 19034 | Lair:2   | Found a hole to the Spider Nest.
 19034 | Lair:2   | Noticed an orb spider
 19325 | Lair:2   | Killed Urug
 19477 | Lair:2   | Killed an orb spider
 20046 | Lair:2   | Found a staircase to the Shoals.
 20067 | Lair:2   | Reached skill level 16 in Necromancy
 20067 | Lair:2   | Reached XP level 12. HP: 76/83 MP: 15/15
 20073 | Lair:2   | Learned a level 4 spell: Dispel Undead
 20232 | Lair:2   | Killed a six-headed hydra
 20350 | Lair:2   | Killed a five-headed hydra
 23042 | Lair:4   | Reached **** piety under Kikubaaqudgha
 23139 | Lair:4   | Reached skill level 17 in Necromancy
 23258 | Lair:4   | Reached skill level 5 in Fighting
 24421 | Lair:4   | Reached XP level 13. HP: 77/91 MP: 11/16
 25209 | Lair:5   | Noticed Caath's ghost (journeyman DrFi)
 25616 | Lair:5   | Found a viscous altar of Jiyva.
 25617 | Lair:5   | Found a staircase to the Slime Pits.
 25683 | Lair:5   | Found a runed translucent gate.
 25683 | Lair:5   | Found a runed translucent gate.
 25683 | Lair:5   | Found a runed translucent gate.
 25960 | Lair:5   | Killed Caath's ghost
 26712 | Lair:5   | Reached skill level 18 in Necromancy
 27152 | Lair:6   | Entered Level 6 of the Lair of Beasts
 29045 | Lair:6   | Reached skill level 19 in Necromancy
 29684 | Lair:6   | Reached XP level 14. HP: 80/100 MP: 5/17
 30922 | Lair:1   | Killed bearlyready's ghost
 30946 | Lair:1   | Acquired a +2 helmet of intelligence
 31014 | Lair:1   | HP: 1/100 [some lava collision (22)]
 31820 | D:4      | Killed Menkaure
 31914 | D:4      | Killed Duvessa
 32477 | D:11     | Found Ybless's Weapon Emporium.
 33976 | D:12     | Found Waoschioqu's Neck Hole.
 35029 | D:12     | Reached skill level 20 in Necromancy
 35086 | D:12     | Learned a level 5 spell: Agony
 35179 | D:12     | Found a staircase to the Orcish Mines.
 35744 | D:12     | Bought a scarf of resistance for 512 gold pieces
 36622 | D:13     | Identified the ring "Uruiqig" {AC+4 Dex+6}
 40051 | D:14     | Reached skill level 21 in Necromancy
 40133 | D:14     | Found a gate to the Vaults.
 40657 | D:15     | Entered Level 15 of the Dungeon
 40944 | D:15     | Reached XP level 15. HP: 92/106 MP: 18/18
 42270 | D:15     | Found a staircase to the Depths.
 42761 | Spider:1 | Entered Level 1 of the Spider Nest
 43915 | Lair:2   | Reached skill level 10 in Shields
 44447 | Lair:2   | Slain by a jumping spider

Illustrated notes

Levels and vault maps discovered:
D:1:      onia_arrival_pentagram, layout_basic,
          chequers_ecumenical_altar_island, minmay_lizard_pond
D:2:      layout_basic
D:3:      layout_loops_ring
D:4:      layout_loops_ring, lightli_temple_of_fire,
          minmay_temple_entry_overgrown, portal_sewer_entry_b,
          eino_small_chamber_without_monster, uniq_menkaure, uniq_duvessa
D:5:      layout_basic, okawaru_altar_gauntlet_db, minitemple, item_on_display_a
D:6:      layout_basic, uniq_prince_ribbit1
D:7:      layout_rooms, lemuel_tele_altar, mainiacjoe_overflow_alcove_4,
          mainiacjoe_overflow_small_starburst
D:8:      layout_rooms, cheibrodos_worm_habitat, disabler_island
D:9:      layout_basic, nicolae_qazlal_eye_of_the_storm, lair_entry_dummy,
          kennysheep_just_a_vault
D:10:     layout_roguey, mainiacjoe_overflow_six_doors_small
D:11:     layout_gridville, serial_shops, shop, unseen_surprise_small
D:12:     layout_basic, kennysheep_orc_monster_closet_entryway,
          nicolae_shop_sticking_my_neck_out
D:13:     layout_basic
D:14:     layout_gridville, david_vaults_2, minmay_misc_feat_chi
D:15:     grunt_enter_depths_hoard, layout_small_grid, serial_rivers,
          chequers_serial_rivers_small_b, chequers_serial_rivers_small_3,
          chequers_serial_rivers_small_b, chequers_serial_rivers_micro_d,
          chequers_serial_rivers_micro_b, chequers_serial_rivers_small_b,
          minmay_misc_feat_encased
Temple:   dpeg_chambers_temple
Lair:1:   gammafunk_worm_tunnel, layout_concentric_octagons,
          maelrawn_ghost_gauntlet_escape, st_stairs_9, beast_lair_carwin_5
Lair:2:   layout_regular_city, elwin_shoals_entry_rooms,
          nicolae_spider_entry_orb_guardian, portal_ice_cave_entry_pillars_2,
          gauntlet_entry_generic, amcnicky_mini_pool_medium,
          infiniplex_staircase_pool, uniq_urug
Lair:3:   layout_gridlike, st_stairs_9
Lair:4:   layout_cave_pods, serial_bayou_shore_b
Lair:5:   layout_hall_layers, dpeg_slime_entry_enclosed_altar,
          gammafunk_ghost_split
Lair:6:   grunt_lair_end_beastmaster, layout_hall_layers
Spider:1: layout_spider_delve

Skill      XL: |  1  2  3  4  5  6  7  8  9 10 11 12 13 14 15 |
---------------+----------------------------------------------+-----
Necromancy     | 5 6 7 8 9 11 12 14 16 17 19 21 | 21.6
Stealth        | 4 5 6 7 |  7.9
Short Blades   | 1 2 3 4 |  4.1
Armour         | 1 2 3 4 5 6 7 8 |  8.3
Evocations     | 1 |  1.7
Fighting       | 1 2 3 4 5 6 |  6.8
Shields        | 2 3 5 6 8 9 10 | 10.0
Throwing       | |  0.5
Dodging        | |  2.2
Spellcasting   | |  2.0

Action                   |  1- 3 |  4- 6 |  7- 9 | 10-12 | 13-15 || total
-------------------------+-------+-------+-------+-------+-------++-------
Melee: Dagger            |    50 |   108 |   300 |   119 |    10 ||   587
       Unarmed           |     1 |       |       |       |       ||     1
       Short sword       |       |    28 |       |       |       ||    28
       Bite              |       |    10 |    35 |    55 |    79 ||   179
       Scimitar          |       |       |    39 |   499 |   650 ||  1188
Throw: Stone             |       |     7 |       |     4 |       ||    11
       Dart              |       |     6 |    58 |   196 |   105 ||   365
 Cast: Pain              |    53 |    64 |    62 |    29 |    15 ||   223
       Animate Skeleton  |     9 |     8 |     1 |     1 |       ||    19
       Vampiric Draining |     3 |    14 |    38 |   121 |   257 ||   433
       Animate Dead      |       |     5 |     9 |    27 |    62 ||   103
       Dispel Undead     |       |       |       |       |    17 ||    17
       Agony             |       |       |       |       |    11 ||    11
Invok: Receive Corpses   |       |       |     3 |     8 |    40 ||    51
Evoke: Wand              |       |     1 |     2 |    10 |    22 ||    35
  Use: Scroll            |       |     2 |     9 |     3 |    14 ||    28
       Potion            |       |       |     1 |     2 |    13 ||    16
 Stab: Sleeping          |     8 |     6 |     1 |     3 |    12 ||    30
       Distracted        |       |       |       |     2 |     3 ||     5
Armor: Robe              |     5 |     7 |       |       |       ||    12
       Scale mail        |       |    15 |       |       |   357 ||   372
       Ring mail         |       |     6 |    92 |   239 |   453 ||   790
       Leather armour    |       |     4 |     1 |       |       ||     5
       Chain mail        |       |       |     7 |       |       ||     7
       Plate armour      |       |       |       |    21 |       ||    21
Dodge: Dodged            |    38 |    79 |   145 |   274 |   491 ||  1027
Block: Buckler           |       |       |    94 |       |       ||    94
       Kite shield       |       |       |     8 |   714 |  1001 ||  1723
       Reflection        |       |       |     3 |       |    31 ||    34
       Rpst.: Scimitar   |       |       |     4 |    66 |   103 ||   173
